AoeStats
← Emp

Pilgrims

509910743Analyzed
4v4 RM · 3d ago on Sep 28, 2026· 44m 39s· 8 players
Game mode
Random Map
Map size
Large (8 player)
Population
200
Speed
Normal
Resources
Standard
Victory
Conquest
Starting age
Dark Age
Ending age
Imperial Age
RankedLock teamsTeams togetherTeam positionsShared explorationLock speedFull tech treeHidden civsTurbo modeCheats
Victory
Defeat
🇲🇪 Khmer · Montenegro
1298
+12
🇲🇪 Danes · Montenegro
1255
+13
🇲🇪 Georgians · Montenegro
1249
+14
🇲🇪 Vietnamese · Montenegro
1185
+17
🇳🇴 Persians · Norway
1220
-27
🇪🇸 Portuguese · Spain
1211
-14
🇪🇸 Chinese · Spain
1191
-14
🇮🇳 Wu · India
1168
-13
Jota
4:48 Loom
12:22 Feudal Age
13:03 Double-Bit Axe
16:46 Wheelbarrow
20:50 Castle Age
22:09 Bow Saw
24:01 Fletching
26:03 Bodkin Arrow
26:10 Padded Archer Armor
27:53 Ballistics
28:04 Leather Archer Armor
28:06 Hand Cart
27:54 Stone Mining
29:04 Gold Mining
29:21 Scale Mail Armor
29:35 Pikeman
31:12 Forging
32:41 Iron Casting
32:21 Chain Mail Armor
36:50 Imperial Age
35:42 Gold Shaft Mining
37:07 Town Watch
38:00 Bracer
38:31 Ring Archer Armor
39:03 Chemistry
38:26 Conscription
39:16 Plate Mail Armor
38:51 Halberdier
41:42 Two-Man Saw
41:53 Elite Chu Ko Nu
44:43 Rocketry
[KBRA] Oeseka
4:20 Loom
12:03 Feudal Age
12:39 Double-Bit Axe
14:56 Stone Mining
14:57 Gold Mining
19:04 Castle Age
20:21 Medium Warships
20:03 Fletching
20:44 Bodkin Arrow
22:03 Bow Saw
23:59 Ballistics
30:56 Wheelbarrow
33:37 Guard Tower
37:15 Imperial Age
35:01 Hand Cart
36:31 Scale Barding Armor
36:37 Forging
38:34 Conscription
38:40 Chain Barding Armor
38:55 Iron Casting
38:51 Horse Collar
39:54 Bloodlines
39:05 Cavalier
39:55 Cavalier
41:13 Plate Barding Armor
43:05 Two-Man Saw
43:44 Blast Furnace
xalt0s
12:19 Feudal Age
10:36 Loom
16:12 Castle Age
14:59 Double-Bit Axe
17:41 Horse Collar
20:01 Bow Saw
26:25 Wheelbarrow
28:35 Heavy Plow
32:17 Hand Cart
33:33 Scale Barding Armor
33:38 Forging
35:11 Chain Barding Armor
40:08 Bloodlines
39:59 Husbandry
44:22 Imperial Age
42:43 Kamandaran
44:45 Iron Casting
SKULLBLAZER
12:16 Feudal Age
16:30 Castle Age
14:45 Double-Bit Axe
14:50 Horse Collar
15:08 Stone Mining
17:30 Loom
20:26 Wheelbarrow
21:42 Fletching
23:39 Bodkin Arrow
28:11 Padded Archer Armor
29:27 Red Cliffs Tactics
36:47 Imperial Age
40:57 Bracer
41:13 Leather Archer Armor
41:24 Ballistics
42:04 Chemistry
Bager
7:41 Loom
11:29 Feudal Age
13:48 Fishing Lines
16:22 Castle Age
15:17 Gold Mining
15:13 Double-Bit Axe
17:23 Medium Warships
18:24 Gillnets
19:02 Scale Barding Armor
19:08 Forging
21:41 Chain Barding Armor
21:57 Iron Casting
23:55 Bloodlines
23:46 Husbandry
26:38 Horse Collar
34:41 Imperial Age
34:46 Elite Monaspa
35:48 Conscription
36:06 Plate Barding Armor
41:08 Blast Furnace
Emp
8:45 Loom
11:13 Feudal Age
12:28 Double-Bit Axe
14:52 Castle Age
13:03 Fletching
13:06 Gold Mining
13:44 Town Watch
14:37 Wheelbarrow
14:09 Fishing Lines
15:43 Medium Warships
15:57 Bow Saw
15:45 Bodkin Arrow
15:57 Gillnets
23:43 Ballistics
26:01 Horse Collar
30:51 Imperial Age
28:29 Stone Mining
30:07 Hand Cart
30:52 Pikeman
31:32 Squires
31:18 Gambesons
31:18 Arson
31:51 Bracer
33:04 Chemistry
32:49 Halberdier
33:34 Scale Mail Armor
34:11 Fervor
34:50 Conscription
35:03 Onager
36:02 Northmen's Fury
37:06 Siege Engineers
38:59 Chain Mail Armor
38:54 Forging
38:47 Siege Onager
rmilun
5:22 Loom
12:57 Feudal Age
14:19 Double-Bit Axe
16:15 Gold Mining
18:44 Castle Age
17:21 Fletching
19:18 Crossbowman
20:01 Bodkin Arrow
21:01 Ballistics
20:59 Padded Archer Armor
22:22 Medium Warships
27:58 Fishing Lines
31:36 Imperial Age
29:11 Stone Mining
31:43 Treadmill Crane
31:53 Horse Collar
32:52 Wheelbarrow
33:39 Bracer
35:38 Murder Holes
36:44 Chemistry
40:35 Leather Archer Armor
42:49 Thumb Ring
43:41 Bow Saw
strokac
7:50 Loom
9:59 Feudal Age
11:26 Double-Bit Axe
12:33 Fishing Lines
13:25 Bloodlines
14:05 Scale Barding Armor
14:11 Forging
20:01 Castle Age
19:12 Gold Mining
20:45 Husbandry
20:40 Light Cavalry
22:08 Gold Shaft Mining
22:16 Chain Barding Armor
22:31 Iron Casting
24:26 Wheelbarrow
24:15 Town Watch
25:00 Horse Collar
27:48 Heavy Plow
28:04 Bow Saw
29:50 Hand Cart
34:09 Imperial Age
31:45 Stone Mining
32:51 Ballistics
32:28 Murder Holes
32:37 Padded Archer Armor
32:27 Fletching
34:29 Bodkin Arrow
34:49 Leather Archer Armor
35:41 Conscription
35:23 Bracer
35:25 Cavalier
39:04 Chemistry
39:00 Hoardings
40:02 Crop Rotation
40:15 Ring Archer Armor
40:46 Blast Furnace
43:35 Gold Shaft Mining
43:31 Elite Ballista Elephant
Connection lost

Rejoining the realm…

Still unreachable

The connection could not be restored.

Session expired

The server has moved on; the page needs a fresh start.